 Dungeon Crawl Stone Soup version 0.30-a0-596-g0af90f9a20 (webtiles) character file.

Game seed: 14360784211870132122

168 wormed the Fighter (level 5, -3/51 HPs)
             Began as a Gnoll Wanderer on Jan 7, 2023.
             Was a Believer of Jiyva.
             Slain by an orc wizard
             ... wielding a +2 dagger of venom
              (5 damage)
             ... on level 3 of the Dungeon.
             The game lasted 00:04:27 (2051 turns).

wormed the Fighter (Gnoll Wanderer)                 Turns: 2051, Time: 00:04:28

Health: -3/51      AC:  2    Str: 12    XL:     5   Next: 49%
Magic:  9/9        EV:  9    Int: 13    God:    Jiyva [**....]
Gold:   85         SH:  5    Dex: 11    Spells: 9/10 levels left

rFire   . . .      SeeInvis +    h - +0 dagger (venom)
rCold   . . .      Faith    .    (no shield)
rNeg    . . .      Spirit   .    c - +0 robe
rPois   .          Reflect  +    (no helmet)
rElec   .          Harm     .    (no cloak)
rCorr   +          Rampage  .    (no gloves)
Will    .....                    (no boots)
Stlth   ++                       n - amulet of reflection
HPRegen 1.24/turn                e - ring of see invisible
MPRegen 0.41/turn                (no ring)

@: lethally poisoned (-3 -> -3), flying, constricted
A: fangs 1, strong nose, distributed training
a: Renounce Religion


You were on level 3 of the Dungeon.
You worshipped Jiyva.
Jiyva was pleased with you.
You visited 1 branch of the dungeon, and saw 3 of its levels.

You collected 85 gold pieces.

Inventory:

Hand Weapons
 a - a +0 dagger
 h - a +0 dagger of venom (weapon)
Missiles
 k - 6 poisoned darts
Armour
 c - a +0 robe (worn)
Jewellery
 e - a ring of see invisible (left hand)
 n - an amulet of reflection (around neck)
Scrolls
 b - 2 scrolls of silence
 d - a scroll of fog
 f - a scroll of fear {unknown}
 g - 2 scrolls of identify {unknown}
 j - a scroll of teleportation {unknown}
 l - a scroll of enchant weapon {unknown}
Potions
 i - a potion of magic {unknown}
 m - a potion of flight
 o - a potion of mutation {unknown}


   Skills:
 + Level 8.6 Fighting
 + Level 1.6 Short Blades
 + Level 1.6 Long Blades
 + Level 1.6 Axes
 + Level 1.6 Maces & Flails
 + Level 1.6 Polearms
 + Level 1.6 Staves
 + Level 1.6 Ranged Weapons
 + Level 3.0 Throwing
 + Level 1.6 Armour
 + Level 1.6 Dodging
 + Level 1.6 Stealth
 + Level 1.6 Shields
 + Level 3.0 Unarmed Combat
 + Level 3.2 Spellcasting
 + Level 1.2 Conjurations
 + Level 5.5 Hexes
 + Level 1.2 Summonings
 + Level 1.2 Necromancy
 + Level 1.2 Translocations
 + Level 1.2 Transmutations
 + Level 1.2 Fire Magic
 + Level 1.2 Ice Magic
 + Level 1.2 Air Magic
 + Level 1.2 Earth Magic
 + Level 1.2 Poison Magic
 + Level 1.8 Invocations
 + Level 1.6 Evocations


You had 9 spell levels left.
You knew the following spells:

 Your Spells              Type           Power      Damage    Failure   Level
a - Slow                  Hex            64%        N/A       2%          1

Your spell library contained the following spells:

 Spells                   Type           Power      Damage    Failure   Level
 Confusing Touch          Hex            16%        N/A       7%          3
 Beastly Appendage        Tmut           10%        N/A       13%         1
 Magic Dart               Conj           20%        1d4       13%         1
 Necrotise                Necr           20%        1d5       13%         1
 Call Imp                 Summ           5%         N/A       21%         2
 Wereblood                Tmut           5%         N/A       21%         2
 Mephitic Cloud           Conj/Pois/Air  5%         N/A       36%         3
 Spider Form              Tmut/Pois      5%         N/A       36%         3
 Vampiric Draining        Necr           5%         2d6       36%         3
 Fulminant Prism          Conj/Hex       5%         3d6       50%         4
 Agony                    Necr           5%         N/A       98%         5


Dungeon Overview and Level Annotations

Branches:
Dungeon (3/15)

Altars:
Dithmenos
Jiyva


Innate Abilities, Weirdness & Mutations

You have very sharp teeth.
Your uncanny sense of smell can sniff out nearby items.
Your experience applies equally to all skills.


Message History

The orc wizard's wounds heal themselves!
The orc wizard hits you with a +2 dagger of venom.
* * * LOW HITPOINT WARNING * * *
You are more poisoned.
You barely miss the orc wizard. Your bite misses the orc wizard.
You feel sick. The ball python bites you.
* * * LOW HITPOINT WARNING * * *
The ball python constricts you.
* * * LOW HITPOINT WARNING * * *
You hear a slurping noise.
The jelly splits in two!
The worm bites the jelly!
The worm is burned by acid!
The orc wizard barely misses you.
The orc priest calls upon Beogh to heal the orc wizard.
The orc wizard is healed somewhat.
The ball python closely misses you. The ball python constricts you.
You barely miss the orc priest.
The orc priest is severely wounded.
You feel sick.
You kill the orc priest!
You hear a slurping noise.
The jelly hits the worm.
The worm is splashed with acid.
The acid corrodes the worm!
The orc wizard hits you with a +2 dagger of venom.
* * * LOW HITPOINT WARNING * * *
You block the ball python's attack. The ball python constricts you.
* * * LOW HITPOINT WARNING * * *
The worm bites the jelly!
The worm is burned by acid!
It was a potion of flight.
You feel very buoyant.
You fly up into the air.
You feel sick.
The jelly hits the worm.
The worm is splashed with acid.
The worm seems to be corroded for longer.
The worm dies!
The ball python bites you.
* * * LOW HITPOINT WARNING * * *
The ball python constricts you.
* * * LOW HITPOINT WARNING * * *
The orc wizard hits you with a +2 dagger of venom.
You die...

#### ###..######
######....#....
............#
#.....).>..#
.##.....)....#
......S......#
.....)o@.....#
......JJ.....###### #
.............#....#.#
.#...........#....#.##
...###................
.. #...#####....#.# #
#...# #.......#
§§.§§####.....## #§
§.§§.###J....#


You could see an orc wizard (extremely poisoned), a ball python and 2 neutral
jellies (fellow slime).

Vanquished Creatures
  2 orc priests (D:3)
  4 adders
  2 worms (D:3)
  8 orcs
  3 endoplasms (D:1)
  2 giant cockroaches
  6 goblins
  3 hobgoblins
  2 jackals (D:2)
  9 kobolds
  3 quokkas
  7 ball pythons
  4 bats
  4 frilled lizards
  5 rats
64 creatures vanquished.

Vanquished Creatures (others)
  A worm (D:3)
  4 orcs (D:3)
  A bat (D:2)
  2 endoplasms (D:3)
  A hobgoblin (D:3)
  A kobold (D:3)
  A rat (D:3)
  3 fungi (D:1)
  9 plants (D:1)
23 creatures vanquished.

Grand Total: 87 creatures vanquished

Notes
Turn   | Place    | Note
-------+----------+-------------------------------------------
     0 | D:1      | wormed the Gnoll Wanderer began the quest for the Orb.
     0 | D:1      | wormed set off with the following items: a +0 dagger, 2
                  | scrolls of silence, a +0 robe, a scroll of fog; and the
                  | following spell memorised: Slow; and the following spells
                  | available to memorise: Confusing Touch, Fulminant Prism.
     0 | D:1      | Reached XP level 1. HP: 26/26 MP: 4/4
   221 | D:1      | Reached XP level 2. HP: 29/33 MP: 5/5
   383 | D:1      | Found a faded altar of an unknown god.
   410 | D:1      | Found Fauzaed's General Store.
  1061 | D:1      | Prayed at the altar of an unknown god.
  1061 | D:1      | Became a worshipper of Jiyva Jicketre the Shapeless
  1061 | D:1      | Reached * piety under Jiyva
  1167 | D:2      | Reached XP level 3. HP: 38/38 MP: 7/7
  1249 | D:2      | Reached skill level 1 in Invocations
  1318 | D:2      | Reached skill level 1 in Short Blades
  1318 | D:2      | Reached skill level 1 in Long Blades
  1318 | D:2      | Reached skill level 1 in Axes
  1318 | D:2      | Reached skill level 1 in Maces & Flails
  1318 | D:2      | Reached skill level 1 in Polearms
  1318 | D:2      | Reached skill level 1 in Staves
  1318 | D:2      | Reached skill level 1 in Ranged Weapons
  1318 | D:2      | Reached skill level 1 in Armour
  1318 | D:2      | Reached skill level 1 in Dodging
  1318 | D:2      | Reached skill level 1 in Stealth
  1318 | D:2      | Reached skill level 1 in Shields
  1318 | D:2      | Reached skill level 1 in Evocations
  1699 | D:2      | Reached XP level 4. HP: 45/45 MP: 8/8
  1813 | D:3      | Reached ** piety under Jiyva
  1862 | D:2      | Reached skill level 1 in Conjurations
  1862 | D:2      | Reached skill level 1 in Summonings
  1862 | D:2      | Reached skill level 1 in Necromancy
  1862 | D:2      | Reached skill level 1 in Translocations
  1862 | D:2      | Reached skill level 1 in Transmutations
  1862 | D:2      | Reached skill level 1 in Fire Magic
  1862 | D:2      | Reached skill level 1 in Ice Magic
  1862 | D:2      | Reached skill level 1 in Air Magic
  1862 | D:2      | Reached skill level 1 in Earth Magic
  1862 | D:2      | Reached skill level 1 in Poison Magic
  1954 | D:3      | Reached XP level 5. HP: 33/51 MP: 9/9
  1996 | D:3      | Found a shadowy altar of Dithmenos.
  2051 | D:3      | HP: 2/51 [constriction (1)]
  2051 | D:3      | Slain by an orc wizard

Illustrated notes

Levels and vault maps discovered:
D:1:      dpeg_arrival_castle, layout_loops_ring, serial_shops, shop,
          shapermc_ecumenical_altar_hornbeckon, serial_park_tiny_1
D:2:      layout_loops_ring, kennysheep_nondescript, minmay_ruptured
D:3:      layout_rooms, nicolae_dithmenos_the_darkroom, minmay_curled_crystal

Skill      XL: |  1  2  3  4  5 |
---------------+----------------+-----
Invocations    | 1 |  1.8
Short Blades   | 1 |  1.6
Long Blades    | 1 |  1.6
Axes           | 1 |  1.6
Maces & Flails | 1 |  1.6
Polearms       | 1 |  1.6
Staves         | 1 |  1.6
Ranged Weapons | 1 |  1.6
Armour         | 1 |  1.6
Dodging        | 1 |  1.6
Stealth        | 1 |  1.6
Shields        | 1 |  1.6
Evocations     | 1 |  1.6
Spellcasting   | 3 |  3.2
Conjurations   | 1 |  1.2
Summonings     | 1 |  1.2
Necromancy     | 1 |  1.2
Translocations | 1 |  1.2
Transmutations | 1 |  1.2
Fire Magic     | 1 |  1.2
Ice Magic      | 1 |  1.2
Air Magic      | 1 |  1.2
Earth Magic    | 1 |  1.2
Poison Magic   | 1 |  1.2
Throwing       | 3 |  3.0
Unarmed Combat | 3 |  3.0
Fighting       | |  8.6
Hexes          | |  5.5

Action                   |  1- 3 |  4- 6 || total
-------------------------+-------+-------++-------
Melee: Unarmed           |    62 |       ||    62
       Bite              |    15 |    10 ||    25
       Dagger            |    93 |    86 ||   179
       Punch             |     2 |     3 ||     5
  Use: Potion            |       |     3 ||     3
 Stab: Sleeping          |     3 |       ||     3
Armor: Robe              |    26 |     9 ||    35
Dodge: Dodged            |    86 |    62 ||   148
Block: Other             |     7 |    31 ||    38
       Reflection        |       |     1 ||     1

Table legend: (Time is in decaauts)
 A = Elapsed time spent in this place.
 B = Non-inter-level travel time spent in this place.
 C = Inter-level travel time spent in this place.
 D = Time resting spent in this place.
 E = Time spent auto-exploring this place.
 F = Levels seen in this place.
 G = Mean time per level.
                   A        B        C        D        E       F      G
               +--------+--------+--------+--------+--------+-----+--------+
         Total |   2049 |   1943 |    106 |      0 |   1438 |   3 |  683.0 |
       Dungeon |   2049 |   1943 |    106 |      0 |   1438 |   3 |  683.0 |
               +--------+--------+--------+--------+--------+-----+--------+

Top non-repeatable levels by time:
     D:1: 1158 daAuts
     D:2: 673 daAuts
     D:3: 217 daAuts
